 Dungeon Crawl Stone Soup version 0.31-a0-825-gf28bc0971e (webtiles) character file.

Game seed: 3279643763972339227

182 qw the Shooter (level 5, -6/32 HPs)
             Began as a Gargoyle Hunter on Sept 23, 2023.
             Mangled by an ogre
             ... wielding a +0 giant spiked club
              (16 damage)
             ... on level 4 of the Dungeon.
             The game lasted 00:01:05 (2100 turns).

qw the Shooter (Gargoyle Hunter)                    Turns: 2100, Time: 00:01:06

Health: -6/32      AC: 10    Str: 17    XL:     5   Next: 61%
Magic:  0/5        EV: 16    Int: 10    God:
Gold:   185        SH:  0    Dex: 15    Spells: 4/4 levels left

rFire   + + .        Y - +0 shortbow
rCold   + . .        (shield currently unavailable)
rNeg    + . .        h - +0 ring mail
rPois   inf          (no helmet)
rElec   +            m - +0 cloak
rCorr   .            (no gloves)
SInv    .            (no boots)
Will    .....        d - amulet of guardian spirit
Stlth   +            e - ring of Booczoufon {rF++ rC+ Str+3}
HPRegen 0.25/turn    g - +5 ring of evasion
MPRegen 0.09/turn

%: guardian spirit
@: no status effects
A: sickness immunity, AC +4, negative energy resistance 1, electricity
resistance, torment resistance 1, petrification resistance
a: no special abilities


You were on level 4 of the Dungeon.
You visited 1 branch of the dungeon, and saw 4 of its levels.

You collected 185 gold pieces.


Innate Abilities, Weirdness & Mutations

You are immune to sickness and miasma.
Your stone body is resilient. (AC +4)
You are immune to poison.
You resist negative energy. (rN+)
You are resistant to electric shocks. (rElec)
You are resistant to unholy torment.
You are immune to petrification.


   Skills:
 + Level 3.5 Fighting
 - Level 6.0 Ranged Weapons
 - Level 1.2 Armour
 - Level 1.5 Dodging
 - Level 1.1 Stealth


You had 4 spell levels left.
You didn't know any spells.
Your spell library was empty.

Inventory:

Hand Weapons
 Y - a +0 shortbow (weapon)
Armour
 c - a +0 pair of boots
 h - a +0 ring mail (worn)
 m - a +0 cloak (worn)
Jewellery
 d - an amulet of guardian spirit (around neck)
 e - the ring of Booczoufon (left hand) {rF++ rC+ Str+3}
   (You found it on level 2 of the Dungeon)

   [ring of protection from cold]

   Str+3:     It affects your strength (+3).
   rF++:      It greatly protects you from fire.
   rC+:       It protects you from cold.
 g - a +5 ring of evasion (right hand)
 l - the ring "Vanekyb" {Fly rPois Will- Str+4}
   (You found it on level 3 of the Dungeon)

   [ring of flight]

   Str+4:     It affects your strength (+4).
   rPois:     It protects you from poison Will-: It decreases your willpower.
   Fly:       It grants you flight.
Scrolls
 a - a scroll of identify
 f - a scroll of teleportation
Potions
 b - a potion of might
 i - a potion of curing {unknown}

Dungeon Overview and Level Annotations

Branches:
Dungeon (4/15)
 Temple: D:4-7

Altars:

Annotations:
D:4 2 runed translucent doors, qw's ghost, novice GrHu


Message History

You shoot an arrow. The arrow closely misses the gnoll.
An ogre comes into view. It is wielding a +0 giant spiked club.
You shoot an arrow. The arrow hits the gnoll.
The gnoll is moderately wounded.
You shoot an arrow. The arrow completely misses the gnoll.
You shoot an arrow. The arrow hits the gnoll.
The gnoll is severely wounded.
A gnoll comes into view.
It is wielding a +0 halberd of distortion.
The gnoll closely misses you.
You shoot an arrow. The arrow barely misses the gnoll.
The gnoll shouts!
The gnoll closely misses you. The gnoll completely misses you.
You shoot an arrow. The arrow hits the gnoll.
You kill the gnoll!
Your Armour skill increases to level 1!
You shoot an arrow. The arrow hits the ogre!
The ogre is moderately wounded.
A hound comes into view.
The hound moves out of view.
You shoot an arrow. The arrow barely misses the ogre.
A gnoll comes into view. It is wielding a +0 spear.
The ogre misses you.
2096 |||
Found retreat position at -4,0 (floor) with 0 blocking monsters and 2 monsters attacking at destination at distance 4
2096 ||| Stepping ~*~*~tactically~*~*~ (retreating).
You shoot an arrow. The arrow completely misses the ogre.
The ogre misses you.
You shoot an arrow. The arrow hits the ogre.
The ogre is moderately wounded.
The gnoll hits you from afar with a +0 halberd of distortion.
Space warps around you.
The ogre hits you with a +0 giant spiked club!
2099 |||
Found retreat position at -3,1 (floor) with 0 blocking monsters and 2 monsters attacking at destination at distance 3
2099 ||| Stepping ~*~*~tactically~*~*~ (retreating).
The gnoll hits you from afar with a +0 halberd of distortion.
Space warps around you.
You shoot an arrow. The arrow hits the ogre!
The ogre is severely wounded.
The ogre hits you with a +0 giant spiked club!!
Ouch! That really hurt!
You die... ..........# .###..# #......<..# hhw...

.
######....#########..
...................
####..............
#.....#.#..###
#######...##
########.##
.......@O(#
#########g# ....
#)g### .... [..## ...
#g..


You could see an ogre, a worm, a howler monkey and a gnoll.

Vanquished Creatures
  Jessica (D:2)
  5 gnolls
  2 adders (D:2)
  4 dart slugs
  6 endoplasms
  3 giant cockroaches
  6 goblins
  4 hobgoblins
  7 jackals
  4 quokkas
  5 ball pythons
  6 bats
  7 frilled lizards
  9 kobolds
  14 rats
83 creatures vanquished.

Notes
Turn   | Place    | Note
-------+----------+-------------------------------------------
     0 | D:1      | qw the Gargoyle Hunter began the quest for the Orb.
     0 | D:1      | Reached XP level 1. HP: 12/12 MP: 1/1
     0 | D:1      | 0 ||| qw: Version: 0.3-a-83-gcd0e7d8
     0 | D:1      | 0 ||| qw: Game counter: 1794
     0 | D:1      | 0 ||| qw: Melee chars always use a shield: true
     0 | D:1      | 0 ||| qw: God list: Okawaru
     0 | D:1      | 0 ||| qw: Allow faded altars: false
     0 | D:1      | 0 ||| qw: Do Orc after clearing Dungeon:15 true
     0 | D:1      | 0 ||| qw: Do second Lair branch before Depths: true
     0 | D:1      | 0 ||| qw: Lair rune preference: random
     0 | D:1      | 0 ||| qw: Goals: Normal
     0 | D:1      | 0 ||| PLANNING D:1-11
     2 | D:1      | 2 ||| DROPPING scroll of butterflies.
    71 | D:1      | Reached XP level 2. HP: 17/17 MP: 2/2
   112 | D:1      | You fall into a shaft and drop 1 floor!
   139 | D:2      | Identified the ring of Booczoufon {rF++ rC+ Str+3}
   191 | D:2      | 191 ||| UPGRADING to amulet of guardian spirit.
   196 | D:2      | 196 ||| UPGRADING to ring of Booczoufon {rF++ rC+ Str+3}.
   197 | D:2      | 197 ||| UPGRADING to ring of positive energy.
   198 | D:2      | 198 ||| READING 2 scrolls labelled NUASUKH BIMEY.
   205 | D:2      | 205 ||| FLEEEEING.
   206 | D:2      | 206 ||| STAIRDANCE
   346 | D:1      | Reached XP level 3. HP: 21/21 MP: 3/3
   412 | D:1      | Reached skill level 5 in Ranged Weapons
   683 | D:1      | 683 ||| READING scroll labelled ORIONW JIRIQI.
   684 | D:1      | 684 ||| READING scroll labelled QOHANI UXAMUGY.
   685 | D:1      | 685 ||| READING 2 scrolls of identify.
   685 | D:1      | 685 ||| IDENTIFYING ruby potion
   757 | D:2      | Reached skill level 3 in Fighting
   778 | D:2      | Found a faded altar of an unknown god.
   789 | D:2      | 789 ||| UPGRADING to +5 ring of evasion.
   898 | D:2      | Reached XP level 4. HP: 28/28 MP: 4/4
  1389 | D:2      | 1389 ||| DROPPING ring of positive energy.
  1390 | D:2      | 1390 ||| READING 2 scrolls labelled NUMEOSOLES.
  1393 | D:2      | 1393 ||| READING scroll labelled NIONLY ABOR.
  1404 | D:3      | Noticed Jessica
  1407 | D:3      | 1407 ||| STAIRDANCE
  1436 | D:3      | 1436 ||| STAIRDANCE
  1443 | D:3      | 1443 ||| STAIRDANCE
  1445 | D:2      | Killed Jessica
  1454 | D:3      | 1454 ||| STAIRDANCE
  1560 | D:3      | Reached XP level 5. HP: 32/32 MP: 5/5
  1580 | D:3      | Reached skill level 6 in Ranged Weapons
  1686 | D:3      | Identified the ring "Vanekyb" {Fly rPois Will- Str+4}
  2010 | D:3      | 2010 ||| UPGRADING to +0 ring mail.
  2020 | D:3      | 2020 ||| DROPPING +0 leather armour.
  2021 | D:3      | 2021 ||| UPGRADING to +0 cloak.
  2026 | D:3      | 2026 ||| READING scroll labelled LIAD FO VYKK.
  2027 | D:3      | 2027 ||| DRINKING 2 viscous clear potions.
  2051 | D:3      | 2051 ||| DROPPING potion of lignification.
  2071 | D:4      | Noticed qw's ghost (novice GrHu)
  2078 | D:4      | Found a runed translucent gate.
  2078 | D:4      | Found a runed translucent gate.
  2088 | D:4      | Noticed an ogre
  2094 | D:4      | Reached skill level 1 in Armour
  2096 | D:4      | 2096 ||| Stepping ~*~*~tactically~*~*~ (retreating).
  2099 | D:4      | 2099 ||| Stepping ~*~*~tactically~*~*~ (retreating).
  2100 | D:4      | Mangled by an ogre

Levels and vault maps discovered:
D:1:      minmay_arrival_glassed_features, layout_loops_cross, minivault_24
D:2:      layout_basic, dreamdust_ecumenical_altar_hidden_monk_grotto
D:3:      layout_basic, uniq_jessica
D:4:      layout_basic, gammafunk_ghost_split, minmay_vboxes

Skill      XL: |  1  2  3  4  5 |
---------------+----------------+-----
Ranged Weapons | 5 6 |  6.0
Fighting       | 3 |  3.5
Armour         | 1 |  1.2
Dodging        | |  1.5
Stealth        | |  1.1

Action                     |  1- 3 |  4- 6 || total
---------------------------+-------+-------++-------
   Fire: Shortbow          |   125 |   132 ||   257
    Use: Scroll            |     4 |     3 ||     7
         Potion            |       |     1 ||     1
 Armour: Leather armour    |    23 |    26 ||    49
         Ring mail         |       |     4 ||     4
  Dodge: Dodged            |    60 |    59 ||   119

Table legend:
 A = Non-vault XP
 B = Vault XP
 C = Vault XP percentage of total XP
 D = Non-vault monster count
 E = Vault monster count
 F = Vault count percentage of total count
                 A         B        C        D         E       F
            +---------+---------+-------+---------+---------+-------
      Total |     223 |      37 |  14.2 |      82 |       1 |   1.2
            +---------+---------+-------+---------+---------+-------
        D:1 |      47 |       0 |   0.0 |      28 |       0 |   0.0
        D:2 |      70 |      37 |  34.6 |      28 |       1 |   3.4
        D:3 |      76 |       0 |   0.0 |      23 |       0 |   0.0
        D:4 |      30 |       0 |   0.0 |       3 |       0 |   0.0
            +---------+---------+-------+---------+---------+-------
